 Dungeon Crawl Stone Soup version 0.23.1 (webtiles) character file.

Game seed: 14430021755521770175

128 Elpenore the Shield-Bearer (level 5, -1/33 HPs)
             Began as a Gargoyle Fighter on Mar 13, 2019.
             Slain by Sigmund
             ... wielding a +0 scythe
              (7 damage)
             ... on level 2 of the Dungeon.
             The game lasted 00:25:41 (1982 turns).

Elpenore the Shield-Bearer (Gargoyle Fighter)       Turns: 1982, Time: 00:25:42

Health: -1/33      AC: 13    Str: 20    XL:     5   Next: 12%
Magic:  5/5        EV:  5    Int:  8    God:
Gold:   115        SH:  9    Dex: 10    Spells: 4/4 levels left

rFire    . . .     SeeInvis .   m - +0 mace
rCold    . . .     Gourm    .   c - +0 shield
rNeg     + . .     Faith    .   j - +0 chain mail
rPois    ∞         Spirit   .   (no helmet)
rElec    +         Reflect  .   (no cloak)
rCorr    .         Harm     .   (no gloves)
MR       .....                  (no boots)
Stlth    ..........             (no amulet)
HPRegen  0.11/turn              (no ring)
MPRegen  0.09/turn              (no ring)

@: no status effects
A: negative energy resistance 1, electricity resistance, unbreathing,
petrification resistance, rot immunity, AC +4
a: no special abilities


You were on level 2 of the Dungeon.
You were not hungry.

You visited 1 branch of the dungeon, and saw 2 of its levels.

You collected 115 gold pieces.

Inventory:

Hand Weapons
 a - a +0 flail
 m - a +0 mace (weapon)
Armour
 b - a +0 scale mail
 c - a +0 shield (worn)
 j - a +0 chain mail (worn)
Jewellery
 p - a +2 ring of dexterity {unknown}
Wands
 o - a wand of paralysis (10)
Scrolls
 g - a scroll of random uselessness {unknown}
 i - 2 scrolls of identify {unknown}
 k - a scroll of enchant armour {unknown}
 l - a scroll of magic mapping {unknown}
 q - a scroll of immolation {unknown}
Potions
 d - a potion of might
 e - a potion of brilliance {unknown}
 h - a potion of haste
 r - a potion of heal wounds {unknown}
Comestibles
 f - 4 rations
 n - a chunk of flesh


   Skills:
 + Level 4.2 Fighting
 + Level 3.0 Maces & Flails
 + Level 4.1 Armour
 + Level 4.2 Shields


You had 4 spell levels left.
You didn't know any spells.
Your spell library was empty.

Dungeon Overview and Level Annotations

Branches:
Dungeon (2/15)

Altars:
Uskayaw

Annotations:
D:2 Sigmund


Innate Abilities, Weirdness & Mutations

You are resistant to torment.
Your stone body is resilient. (AC +4)
You are immune to poison.
You resist negative energy. (rN+)
You are resistant to electric shocks. (rElec)
You can survive without breathing.
You are immune to petrification.
You are immune to rotting.


Message History

The puff of flame hits you!
* * * LOW HITPOINT WARNING * * *
Your chain mail prevents you from hitting Sigmund.
Sigmund is almost dead.
You block Sigmund's attack.
You hit Sigmund but do no damage.
Sigmund is almost dead.
You block Sigmund's attack.
You barely miss Sigmund.
Sigmund is almost dead.
Sigmund hits you with a +0 scythe.
* * * LOW HITPOINT WARNING * * *
Aiming: Paralyse
Press: ? - help, Shift-Dir - straight line, f - Sigmund
Aim: Sigmund, wielding a +0 scythe and wearing a +2 robe of the Archmagi (almost dead, chance to defeat MR: 54%)
Okay, then.
You barely miss Sigmund.
Sigmund is almost dead.
Sigmund hits you with a +0 scythe!
You die...

#..# #.######...# #..#
#.# ##.## . #..######.#
#.# #.#..##...#.# #.#
#........#.# #.#
..#..##...#.#######.#
#..@.###K##.......#.#
..##.# #.########.#.#
.# #.###.#...((@@#..# .
#.......######.####
...####.####..<.......#
. #.##..........#.# .
#.##.#.###.##.# # ... #
#.##<#.### #.#
##........# #.#
#..)#####.# #.# #.#.#


You could see Sigmund.

Vanquished Creatures
  Jessica (D:2)
  Robin (D:2)
  2 adders (D:2)
  2 oozes (D:1)
  2 leopard geckos (D:1)
  A ball python (D:2)
  4 giant cockroaches (D:1)
  16 goblins
  6 hobgoblins (D:2)
  4 kobolds
  A quokka (D:2)
  6 bats
  5 frilled lizards
  8 rats
59 creatures vanquished.

Notes
Turn   | Place    | Note
-------+----------+-------------------------------------------
     0 | D:1      | Elpenore the Gargoyle Fighter began the quest for the Orb.
     0 | D:1      | Reached XP level 1. HP: 14/14 MP: 1/1
   305 | D:1      | Reached XP level 2. HP: 19/19 MP: 2/2
   492 | D:1      | Reached XP level 3. HP: 16/23 MP: 3/3
   957 | D:2      | Noticed Sigmund
  1287 | D:2      | Noticed Jessica
  1304 | D:2      | Killed Jessica
  1304 | D:2      | Reached skill level 4 in Armour
  1304 | D:2      | Reached skill level 4 in Shields
  1304 | D:2      | Reached XP level 4. HP: 15/29 MP: 4/4
  1456 | D:2      | Found a hide-covered altar of Uskayaw.
  1505 | D:2      | Reached skill level 4 in Fighting
  1571 | D:2      | Noticed Robin
  1594 | D:2      | Reached skill level 3 in Maces & Flails
  1603 | D:2      | Killed Robin
  1603 | D:2      | Reached XP level 5. HP: 13/33 MP: 5/5
  1982 | D:2      | Slain by Sigmund

Skill      XL: |  1  2  3  4 |
---------------+-------------+-----
Armour         | 4 |  4.1
Shields        | 4 |  4.2
Fighting       | 4 |  4.2
Maces & Flails | 3 |  3.0

Action                   |  1- 3 |  4- 6 || total
-------------------------+-------+-------++-------
Melee: Flail             |   167 |       ||   167
       Mace              |       |    97 ||    97
  Eat: Chunk             |     2 |     2 ||     4
Armor: Scale mail        |    30 |       ||    30
       Chain mail        |    86 |    58 ||   144
Dodge: Dodged            |    51 |    17 ||    68
Block: Shield            |    97 |    59 ||   156
